 Dungeon Crawl Stone Soup version 0.30.0-10-gfe55d96785 (webtiles) character file.

Game seed: 140988316420419705

273 RascalDebosk the Magician (level 6, -4/43 HPs)
             Began as a Djinni Fire Elementalist on May 14, 2023.
             Was an Initiate of Ashenzari.
             Killed from afar by a white imp (10 damage)
             ... with a puff of frost
             ... on level 4 of the Dungeon.
             The game lasted 00:15:49 (2641 turns).

RascalDebosk the Magician (DjFE)                    Turns: 2641, Time: 00:15:50

Health: -4/43      AC:  3    Str:  2    XL:     6   Next: 48%
Gold:   149        EV: 12    Int: 18    God:    Ashenzari [......] SH:  0 Dex: 14

rFire   + + .        s - +0 dagger
rCold   . . .        (no shield)
rNeg    . . .        o - +0 robe "Earthly Heaven" {rC+ Regen+ Str-5 Archmagi}
rPois   ∞            p - +0 helmet
rElec   .            (no cloak)
rCorr   .            (no gloves)
SInv    .            (boots unavailable)
Will    .....        g - amulet of the acrobat
Stlth   ++           (no ring)
HPRegen 1.07/turn    (no ring)
MPRegen 0.00/turn

%: acrobat, archmagi, infuse magic (-5 HP)
@: flying
A: sickness immunity, fire resistance 2, cold vulnerability 1, float, innate
caster, HP casting, extra vitality 1
a: Renounce Religion


You were on level 4 of the Dungeon.
You worshipped Ashenzari.
Ashenzari was noncommittal.
You visited 1 branch of the dungeon, and saw 4 of its levels.

You collected 149 gold pieces.

Inventory:

Hand Weapons
 s - a +0 dagger (weapon)
Armour
 o - the +0 robe "Earthly Heaven" (worn) {rC+ Regen+ Str-5 Archmagi}
   (You found it on level 2 of the Dungeon)

   Str:       It affects your strength (-5).
   rC:        It protects you from cold.
   Regen:     It increases your rate of health regeneration.
   Archmagi:  It increases the power of your magical spells.
 p - a +0 helmet (worn)
Jewellery
 g - an amulet of the acrobat (around neck)
Scrolls
 c - 5 scrolls of identify {unknown}
 e - a scroll of blinking {unknown}
 f - a scroll of torment {unknown}
 h - 2 scrolls of teleportation {unknown}
 k - a scroll of noise {unknown}
 n - a scroll of summoning {unknown}
Potions
 a - a potion of attraction {unknown}
 b - a potion of invisibility {unknown}
 d - 4 potions of heal wounds {unknown}
 i - 4 potions of curing {unknown}
 j - a potion of berserk rage {unknown}
 l - 2 potions of cancellation {unknown}


   Skills:
 * Level 2.0 Fighting
 + Level 2.8 Dodging
 + Level 2.2 Stealth
 * Level 4.3 Spellcasting
 + Level 1.2 Evocations


You knew the following spells:

 Your Spells              Type           Power      Damage    Failure   Level
a - Foxfire               Conj/Fire      100%       2x1d9     2%          1
b - Scorch                Fire           58%        2d7       3%          2
c - Volatile Blastmotes   Fire/Tloc      58%        2d14      7%          3
d - Inner Flame           Hex/Fire       29%        N/A       7%          3
e - Flame Wave            Conj/Fire      29%        2d9       24%         4
f - Summon Small Mammal   Summ           100%       N/A       2%          1
g - Call Imp              Summ           58%        N/A       3%          2
Your spell library was empty.

Dungeon Overview and Level Annotations

Branches:
Dungeon (4/15)
 Temple: D:4-7

Altars:
Ashenzari
Elyvilon
Okawaru
The Shining One


Innate Abilities, Weirdness & Mutations

You are immune to sickness and miasma.
You are immune to poison.
Your flesh is very heat resistant. (rF++)
You are vulnerable to cold. (rC-)
You float through the air rather than walking.
You learn spells naturally, not from books.
Your magical power is your life essence.
You have superior vitality. (+4 MHP)


Message History

The ogre is almost dead.
An orc comes into view. It is wielding a +0 short sword.
The ogre barely misses you.
Casting: Scorch (safe; 3% risk of failure)
Confirm with . or Enter, or press ? or * to list all spells.
You feel a surge of power!
You conjure some foxfire!
Casting: Foxfire (safe; 2% risk of failure)
Confirm with . or Enter, or press ? or * to list all spells.
You feel a surge of power!
Flames lash the ogre.
The ogre is burned terribly!
You kill the ogre!
You hear a chilling moan.
The foxfire hits the orc.
The orc is heavily wounded.
The foxfire hits the orc.
You kill the orc!
A white imp comes into view.
You hear a shout!
Your Fighting skill increases to level 2!
Your Evocations skill increases to level 1!
You have reached level 6!
Casting: Scorch (safe; 3% risk of failure)
Confirm with . or Enter, or press ? or * to list all spells.
You feel a surge of power!
You conjure some foxfire!
The white imp shouts, "Give up, thou vain two-tin-hat yak-dropping!"
You hear an angry growl.
You hear a shout!
A kobold comes into view. It is wielding a +0 dagger.
A white imp comes into view.
You hear a shout!
Casting: Foxfire (safe; 2% risk of failure)
Confirm with . or Enter, or press ? or * to list all spells.
You feel a surge of power!
You conjure some foxfire!
The foxfire hits the white imp.
The white imp is lightly wounded.
The foxfire hits the kobold but does no damage.
The kobold throws a stone.
The stone hits you but does no damage.
A quasit comes into view.
Casting: Foxfire (safe; 2% risk of failure)
Confirm with . or Enter, or press ? or * to list all spells.
You feel a surge of power!
You conjure some foxfire!
The foxfire hits the quasit but does no damage.
The foxfire hits the kobold.
You kill the kobold!
Casting: Foxfire (safe; 2% risk of failure)
Confirm with . or Enter, or press ? or * to list all spells.
You feel a surge of power!
You conjure some foxfire!
The foxfire hits the quasit but does no damage.
The foxfire hits the quasit.
The quasit resists.
The quasit is lightly wounded.
Casting: Foxfire (safe; 2% risk of failure)
Confirm with . or Enter, or press ? or * to list all spells.
You feel a surge of power!
You conjure some foxfire!
The foxfire hits the quasit.
The quasit completely resists.
The quasit is lightly wounded.
The foxfire hits the quasit.
The quasit completely resists.
The quasit is lightly wounded.
The quasit misses you. The quasit claws you. The quasit closely misses you.
The quasit bites you. The quasit misses you.
The quasit claws you but does no damage.
The foxfire hits the white imp!
The white imp is burned terribly!
The white imp is almost dead.
An endoplasm comes into view.
Casting: Foxfire (safe; 2% risk of failure)
Confirm with . or Enter, or press ? or * to list all spells.
You feel a surge of power!
You conjure some foxfire!
* * * LOW HITPOINT WARNING * * *
The foxfire hits the quasit but does no damage.
The quasit is lightly wounded.
The quasit misses you. The quasit closely misses you.
The quasit completely misses you.
Casting: Foxfire (safe; 2% risk of failure)
Confirm with . or Enter, or press ? or * to list all spells.
You feel a surge of power!
You conjure some foxfire!
* * * LOW HITPOINT WARNING * * *
The foxfire hits the quasit.
The quasit resists.
The quasit is moderately wounded.
The quasit bites you but does no damage.
The quasit barely misses you. The quasit misses you.
The white imp grinds its teeth.
The white imp gestures at you. The puff of frost hits you!
* * * LOW HITPOINT WARNING * * *
A goblin comes into view. It is wielding a +0 club.
The white imp gestures at you. The puff of frost hits you.
* * * LOW HITPOINT WARNING * * *
The foxfire hits the quasit but does no damage.
The quasit is moderately wounded.
The foxfire hits the quasit.
The quasit resists.
The quasit is heavily wounded.
The foxfire hits the quasit.
The quasit resists.
The quasit is severely wounded.
The quasit closely misses you. The quasit barely misses you.
The quasit claws you.
* * * LOW HITPOINT WARNING * * *
The quasit misses you.
The quasit claws you but does no damage.
The quasit misses you. The white imp barely misses you.
The white imp gestures at you. The puff of frost hits you!
You die...

.. #> ..
##..
.#.....
.#..... ##
...#.g. .†
##.....#
#.#§§...#
#J)@.#
.....555##
..)..).##
......)
.......
.......
.......
.......


You could see a quasit, 2 white imps, an endoplasm and a goblin.

Vanquished Creatures
  An ogre (D:4)
  Terence (D:3)
  Robin (D:3)
  4 adders
  2 shadow imps (D:4)
  A white imp (D:4)
  An ufetubus (D:4)
  2 worms (D:2)
  2 dart slugs (D:2)
  4 orcs (D:4)
  6 endoplasms
  2 giant cockroaches (D:1)
  18 goblins
  6 hobgoblins
  3 kobolds
  3 quokkas
  3 ball pythons
  6 bats
  4 frilled lizards
  6 rats
76 creatures vanquished.

Vanquished Creatures (others)
  242 foxfires
242 creatures vanquished.

Grand Total: 318 creatures vanquished

Notes
Turn   | Place    | Note
-------+----------+-------------------------------------------
     0 | D:1      | RascalDebosk the Djinni Fire Elementalist began the quest
                  | for the Orb.
     0 | D:1      | RascalDebosk set off with the following spells memorised:
                  | Foxfire, Scorch, Volatile Blastmotes, Inner Flame, Flame
                  | Wave.
     0 | D:1      | Reached XP level 1. HP: 15/15 MP: 0/0
   121 | D:1      | Reached XP level 2. HP: 9/21 MP: 0/0
   272 | D:1      | Reached skill level 3 in Spellcasting
   484 | D:1      | Reached XP level 3. HP: 22/25 MP: 0/0
   484 | D:1      | Learned a level 1 spell: Summon Small Mammal
   512 | D:1      | Found a faded altar of an unknown god.
   967 | D:2      | Found a white marble altar of Elyvilon.
  1546 | D:2      | Reached XP level 4. HP: 29/31 MP: 0/0
  1551 | D:2      | Identified the +0 robe "Earthly Heaven" {rC+ Regen+ Str-5
                  | Archmagi}
  2033 | D:3      | Noticed Robin
  2044 | D:3      | Killed Robin
  2045 | D:3      | Reached skill level 4 in Spellcasting
  2142 | D:3      | Found a white marble altar of Elyvilon.
  2150 | D:3      | Found a glowing golden altar of the Shining One.
  2154 | D:3      | Found a broken altar of Ashenzari.
  2159 | D:3      | Became a worshipper of Ashenzari the Shackled
  2306 | D:3      | Noticed Terence
  2311 | D:3      | Killed Terence
  2312 | D:3      | Reached XP level 5. HP: 19/36 MP: 0/0
  2312 | D:3      | Learned a level 2 spell: Call Imp
  2445 | D:3      | Found an iron altar of Okawaru.
  2573 | D:3      | Reached skill level 1 in Fighting
  2629 | D:4      | Noticed an ogre
  2633 | D:4      | Killed an ogre
  2634 | D:4      | Reached skill level 1 in Evocations
  2634 | D:4      | Reached XP level 6. HP: 26/43 MP: 0/0
  2641 | D:4      | Killed from afar by a white imp

Illustrated notes

Levels and vault maps discovered:
D:1:      matt_arrival_grand_opening, layout_rooms, basic_ecumenical_altar,
          chequers_serial_rivers_marsh, chequers_serial_rivers_micro_c
D:2:      layout_basic, basic_altar
D:3:      layout_basic, minitemple, okawaru_trees_2, uniq_terence, uniq_robin
D:4:      layout_rooms, serial_demonic, serial_demonic_a, serial_demonic_c,
          serial_demonic_c, serial_demonic_c, serial_demonic_e,
          serial_demonic_d, serial_demonic_a, serial_demonic_b, uniq_natasha

Skill      XL: |  1  2  3  4  5 |
---------------+----------------+-----
Spellcasting   | 3 4 |  4.3
Fighting       | 2 |  2.0
Stealth        | 2 |  2.2
Evocations     | 1 |  1.2
Dodging        | |  2.8

Action                     |  1- 3 |  4- 6 || total
---------------------------+-------+-------++-------
  Melee: Unarmed           |     1 |       ||     1
   Cast: Foxfire           |    91 |    56 ||   147
         Scorch            |     6 |    12 ||    18
 Armour: Robe              |     4 |     7 ||    11
  Dodge: Dodged            |     3 |    18 ||    21
